 Dungeon Crawl Stone Soup version 0.31-a0-1626-g5cb510d322 (webtiles) character file.

Game seed: 15134870145739032034

3023198 snackwell the Conqueror (level 27, 199/199 HPs)
             Began as a Gargoyle Brigand on Jan 11, 2024.
             Was the Champion of Okawaru.
             Escaped with the Orb
             ... and 5 runes on Jan 12, 2024!
             The game lasted 05:16:18 (75113 turns).

snackwell the Conqueror (Gargoyle Brigand)         Turns: 75113, Time: 05:16:19

Health: 199/199    AC: 64    Str: 24    XL:     27
Magic:  31/31      EV: 15    Int: 21    God:    Okawaru [******]
Gold:   8719       SH: 20    Dex: 13    Spells: 26/26 levels left

rFire   + + .        f - +9 eveningstar (elec)
rCold   + + +        O - +1 kite shield {AC+3}
rNeg    + + .        E - +4 gold dragon scales
rPois   ∞            P - +1 helmet "Ubbihynn" {Slay+3 SInv}
rElec   +            B - +2 cloak {Will+}
rCorr   +            K - +0 pair of gloves "Puxoic" {+Blink rElec Int+2}
SInv    +            Q - +1 pair of boots
Will    +++++        o - amulet of reflection Stlth
                     X - ring "Zuemus" {rF+ EV+5 Int+4}
HPRegen 0.53/turn    c - ring of Tempters {Ice +Blink rN+ Will+}
MPRegen 0.22/turn

%: reflection
@: mighty, brilliant, resistant, enlightened, flying, studying Necromancy,
invisible
A: sickness immunity, AC +20, big wings, negative energy resistance 1,
electricity resistance, torment resistance 1, petrification resistance,
deterioration 1, low MP 1, sense surroundings 1, subdued magic 1, persistent
drain
0: Orb of Zot
}: 5/15 runes: barnacled, slimy, silver, abyssal, gossamer
a: Renounce Religion, Evoke Blink, Heroism, Finesse, Duel


You escaped.
You worshipped Okawaru.
Okawaru was exalted by your worship.
You visited 11 branches of the dungeon, and saw 53 of its levels.
You visited the Abyss 1 time.
You also visited: Trove, Gauntlet and Volcano.

You collected 9097 gold pieces.
You spent 378 gold pieces at shops.

Inventory:

Hand Weapons
 f - a +9 eveningstar of electrocution (weapon)
   (Okawaru gifted it to you on level 5 of the Lair of Beasts)
Missiles
 r - 3 throwing nets
 s - 24 silver javelins
 u - 25 boomerangs (quivered)
 v - 45 javelins
 N - 15 curare-tipped darts
Armour
 n - a +2 cloak of preservation
   (You found it on level 2 of the Shoals)
 B - a +2 cloak of willpower (worn)
   (You took it off a draconian annihilator on level 1 of the Realm of Zot)
 E - +4 gold dragon scales (worn)
   (You found it on level 3 of the Depths)
 K - the +0 pair of gloves "Puxoic" (worn) {+Blink rElec Int+2}
   (You found it on level 4 of the Shoals)

   Int+2:     It affects your intelligence (+2).
   rElec:     It insulates you from electricity.
   +Blink:    It lets you blink.
 O - a +1 kite shield of protection (worn)
   (You took it off a tengu warrior on level 2 of the Depths)
 P - the +1 helmet "Ubbihynn" (worn) {Slay+3 SInv}
   (Okawaru gifted it to you on level 5 of the Lair of Beasts)

   Slay+3:    It affects your accuracy & damage with ranged weapons and melee
   (+3).
   SInv:      It lets you see invisible.
 Q - a +1 pair of boots (worn)
   (You found it on level 3 of the Lair of Beasts)
Jewellery
 a - the ring "Xueduxzaike" {rN+ AC+4}
   (You found it on level 5 of the Pits of Slime)

   [ring of protection]

   AC+4:      It affects your AC (+4).
   rN+:       It protects you from negative energy.
 c - the ring of Tempters (right hand) {Ice +Blink rN+ Will+}
   (You found it in a treasure trove)

   [ring of ice]

   Ice:       It enhances your ice magic.
   rF-:       It makes you vulnerable to fire.
   rC+:       It protects you from cold.
   rN+:       It protects you from negative energy.
   Will+:     It increases your willpower.
   +Blink:    It lets you blink.
 d - a ring of willpower
   (You found it in a treasure trove)
 j - the ring of Nudeh {rPois rF+ rC+}
   (You took it off a tengu warrior on level 1 of the Depths)

   [ring of poison resistance]

   rF+:       It protects you from fire.
   rC+:       It protects you from cold.
   rPois:     It protects you from poison
 o - an amulet of reflection (around neck)
   (You found it on level 2 of the Dungeon)
 X - the ring "Zuemus" (left hand) {rF+ EV+5 Int+4}
   (You acquired it on level 4 of the Lair of Beasts)

   [ring of evasion]

   EV+5:      It affects your evasion (+5).
   Int+4:     It affects your intelligence (+4).
   rF+:       It protects you from fire.
Wands
 i - a wand of mindburst (16)
   (You found it in a treasure trove)
 m - a wand of quicksilver (20)
   (You found it on level 6 of the Dungeon)
 x - a wand of paralysis (65)
   (You took it off Ijyb on level 3 of the Dungeon)
 U - a wand of iceblast (45)
   (You took it off Urug on level 12 of the Dungeon)
 V - a wand of digging (35)
   (You found it on level 4 of the Shoals)
Scrolls
 b - a scroll of vulnerability
 g - 22 scrolls of teleportation
 y - a scroll of immolation
 z - 2 scrolls of silence
 C - 9 scrolls of poison
 J - 4 scrolls of fog
 L - 6 scrolls of fear
 W - 4 scrolls of blinking
Potions
 e - 2 potions of berserk rage
 h - 4 potions of attraction
 k - 17 potions of curing
 l - 4 potions of cancellation
 p - 2 potions of haste
 q - 8 potions of enlightenment
 t - 4 potions of heal wounds
 D - 5 potions of might
 F - 11 potions of lignification
 H - 2 potions of invisibility
 R - 3 potions of resistance
 T - 5 potions of ambrosia
Miscellaneous
 A - a phial of floods
   (You found it on level 4 of the Shoals)
 S - a lightning rod (4/4)
   (You found it on level 10 of the Dungeon)
 Y - a condenser vane
   (You found it on level 4 of the Shoals)


   Skills:
 O Level 27 Fighting
 - Level 3.6 Short Blades
 - Level 16.0 Maces & Flails
 + Level 21.4 Throwing
 - Level 23.0 Armour
 - Level 10.1 Dodging
 - Level 12.0 Stealth
 - Level 19.0 Shields
 - Level 15.3 Invocations
 - Level 10.6 Evocations


You had 26 spell levels left.
You didn't know any spells.
Your spell library contained the following spells:

 Spells                   Type           Power      Damage    Failure   Level
 Foxfire                  Conj/Fire      0%         2x1d4     94%         1
 Freeze                   Ice            0%         1d3       94%         1
 Magic Dart               Conj           0%         1d3       94%         1
 Necrotise                Necr           0%         1d4       94%         1
 Shock                    Conj/Air       0%         1d3       94%         1
 Sting                    Conj/Alch      0%         1d3       94%         1
 Blink                    Tloc           0%         N/A       98%         2
 Ensorcelled Hibernation  Hex/Ice        0%         N/A       98%         2
 Lesser Beckoning         Tloc           0%         N/A       98%         2
 Mercury Vapours          Alch/Air       0%         N/A       98%         2
 Momentum Strike          Conj/Tloc      0%         3d8       98%         2
 Scorch                   Fire           0%         2d5       98%         2
 Confusing Touch          Hex            0%         N/A       100%        3
 Frozen Ramparts          Ice            0%         1d1       100%        3
 Fugue of the Fallen      Necr           0%         N/A       100%        3
 Gell's Gravitas          Tloc           0%         N/A       100%        3
 Hailstorm                Conj/Ice       0%         3d5       100%        3
 Inner Flame              Hex/Fire       0%         N/A       100%        3
 Mephitic Cloud           Conj/Alch/Air  0%         N/A       100%        3
 Ozocubu's Armour         Ice            0%         N/A       100%        3
 Swiftness                Air            0%         N/A       100%        3
 Teleport Other           Tloc           0%         N/A       100%        3
 Vampiric Draining        Necr           0%         2d6       100%        3
 Volatile Blastmotes      Fire/Tloc      0%         2d10      100%        3
 Airstrike                Air            0%         2d(0-16)  100%        4
 Anguish                  Hex/Necr       0%         N/A       100%        4
 Cause Fear               Hex            0%         N/A       100%        4
 Dimensional Bullseye     Hex/Tloc       0%         N/A       100%        4
 Dispel Undead            Necr           0%         3d6       100%        4
 Flame Wave               Conj/Fire      0%         2d4       100%        4
 Fulminant Prism          Conj/Alch      0%         3d5       100%        4
 Ignite Poison            Fire/Alch      0%         N/A       100%        4
 Iskenderun's Mystic Bla  Conj/Tloc      0%         2d3       100%        4
 Leda's Liquefaction      Alch/Erth      0%         N/A       100%        4
 Manifold Assault         Tloc           0%         N/A       100%        4
 Olgreb's Toxic Radiance  Alch           0%         N/A       100%        4
 Passage of Golubria      Tloc           0%         N/A       100%        4
 Petrify                  Alch/Erth      0%         N/A       100%        4
 Sticky Flame             Fire/Alch      0%         2d4       100%        4
 Vhi's Electric Charge    Tloc/Air       0%         N/A       100%        4
 Alistair's Intoxication  Alch           0%         N/A       100%        5
 Arcjolt                  Conj/Air       0%         1d10      100%        5
 Curse of Agony           Necr           0%         N/A       100%        5
 Freezing Cloud           Conj/Ice/Air   0%         6-21      100%        5
 Irradiate                Conj/Alch      0%         3d11      100%        5
 Metabolic Englaciation   Hex/Ice        0%         N/A       100%        5
 Silence                  Hex/Air        0%         N/A       100%        5
 Yara's Violent Unravell  Hex/Alch       0%         3d3       100%        5
 Bombard                  Conj/Erth      0%         9d1       100%        6
 Conjure Ball Lightning   Conj/Air       0%         3x3d6     100%        6
 Dispersal                Tloc           0%         N/A       100%        6
 Eringya's Noxious Bog    Alch           0%         4d6       100%        6
 Plasma Beam              Fire/Air       0%         2x1d10    100%        6
 Starburst                Conj/Fire      0%         6d3       100%        6
 Enfeeble                 Hex            0%         N/A       100%        7
 Discord                  Hex            0%         N/A       100%        8
 Disjunction              Tloc           0%         N/A       100%        8
 Ignition                 Fire           0%         3d3       100%        8
 Lehudib's Crystal Spear  Conj/Erth      0%         10d2      100%        8
 Maxwell's Capacitive Co  Air            0%         ∞         100%        8
 Chain Lightning          Conj/Air       0%         N/A       100%        9
 Call Imp                 Summ           Unusable   N/A       N/A         2
 Cigotuvi's Dreadful Rot  Necr/Alch/Air  Unusable   N/A       N/A         2
 Summon Ice Beast         Ice/Summ       Unusable   N/A       N/A         3
 Tukima's Dance           Hex            Unusable   N/A       N/A         3
 Martyr's Knell           Necr/Summ      Unusable   N/A       N/A         4
 Summon Lightning Spire   Summ/Air       Unusable   N/A       N/A         4
 Summon Forest            Summ/Tloc      Unusable   N/A       N/A         5
 Death Channel            Necr           Unusable   N/A       N/A         6
 Sculpt Simulacrum        Ice/Alch       Unusable   N/A       N/A         6
 Summon Hydra             Summ           Unusable   N/A       N/A         7

Dungeon Overview and Level Annotations

Branches:
Dungeon (15/15)            Temple (1/1) D:5            Lair (5/5) D:11
 Shoals (4/4) Lair:3       Spider (4/4) Lair:2        Slime (5/5) Lair:5
    Orc (2/2) D:10            Elf (3/3) Orc:2        Vaults (5/5) D:13
  Crypt (0/3) Vaults:2     Depths (4/4) D:15            Zot (5/5) Depths:4
Volcano (visited)         Gauntlet (visited)

Altars:
Ashenzari
Cheibriados
Dithmenos
Elyvilon
Fedhas
Gozag
Hepliaklqana
Kikubaaqudgha
Makhleb
Nemelex Xobeh
Okawaru
Qazlal
Ru
Sif Muna
Trog
Uskayaw
Vehumet
Wu Jian
Xom
Yredelemnul
Zin
The Shining One
Jiyva
Lugonu

Shops:
D:5 (   D:11 :   Orc:2 :[(   Elf:1 :*([**   Elf:2 (   Vaults:4 *   Zot:5 *
Depths:4 :=:

Portals:
Hell: Depths:1 Depths:2 Depths:3 Depths:4
Abyss: Depths:2 Depths:3
Pandemonium: Depths:2 Depths:4
Ziggurat: Depths:1

Annotations:
Lair:1 2 transporters
Lair:3 2 transporters
Vaults:1 36 runed translucent doors


Innate Abilities, Weirdness & Mutations

You are immune to sickness and miasma.
Your stone body is resilient. (AC +20)
You are immune to poison.
Your large and strong wings let you fly.
You resist negative energy. (rN+)
You are resistant to electric shocks. (rElec)
You are resistant to unholy torment.
You are immune to petrification.
Your body sometimes deteriorates upon taking damage.
Your magical capacity is low. (-10% MP)
You passively map a small area around you.
Your spells are a little easier to cast, but a little less powerful.
Your health recovers twice as slowly from being drained.


Message History

You closely miss the demonspawn corrupter.
The demonspawn corrupter is almost dead.
The shadow demon gestures.
The demonspawn corrupter hits you but does no damage.
You block the demonspawn corrupter's attack.
You block the revenant's attack.
You barely miss the demonspawn corrupter.
The demonspawn corrupter is almost dead.
You hear a grinding noise.
You impale the demonspawn corrupter!!
You kill the demonspawn corrupter!
Okawaru accepts your kill.
The flayed ghost disappears in a puff of smoke!
The revenant disappears in a puff of smoke!
The shadow demon gestures.
You pound the endoplasm like an anvil!!!
You kill the endoplasm!
The endoplasm dissolves into shadows!
The shadow demon hits you but does no damage.
Things that are here:
a +0 glaive; a +0 chain mail You closely miss the shadow demon.
You bludgeon the shadow demon!!
Lightning courses through the shadow demon!
You kill the shadow demon!
Okawaru accepts your kill.
The ball python dissolves into shadows! x2
Your extra speed is starting to run out.
The troll shouts!
You hear a grinding noise.
The djinni shouts!
The merfolk shouts!
The gnoll shouts!
You feel yourself slow down.
The armataur shouts!
The draconian roars!
Unknown command.
The barachi shouts!
The oni shouts!
The demigod shouts!
The demonspawn shouts!
The tengu shouts!
The orc shouts!
The kobold shouts!
The elf shouts!
The minotaur bellows!
The spriggan shouts!
There is an open door here.
There is a staircase leading out of the dungeon here.
You feel more buoyant.
You feel very mighty all of a sudden.
You feel protected.
You feel clever all of a sudden.
You fade into invisibility!
You have escaped!

..#
############.###
######.# ..#
#K#.#f# #.## ..#
###.### #... .##
#h#.#e# #### ##
###.### #H#.#i#
###'### #...#
#.@.# #####


There were no monsters in sight!

Vanquished Creatures
  the Royal Jelly (Slime:5)
  A dread lich (Vaults:5)
  6 orbs of fire (Zot:5)
  3 ancient liches
  Boris (twice) (Vaults:3 Vaults:4)
  5 Killer Klowns (Zot:5)
  A curse toe (Zot:3)
  15 golden dragons
  A profane servitor (Abyss:3)
  Nikola (Vaults:1)
  A Brimstone Fiend (Depths:2)
  2 electric golems
  2 walking earthen tomes
  30 tentacled monstrosities
  5 liches
  26 Orb Guardians
  3 deep elf blademasters (Elf:3)
  Asterion (Elf:3)
  3 titans
  2 tentacled starspawn (Abyss:3)
  Frances (Arena)
  5 quicksilver dragons
  2 krakens
  5 sphinxes
  2 deep elf master archers (Elf:3)
  20 acid blobs
  7 death cobs
  4 shadow dragons
  Gastronok (Lair:3)
  10 tengu reavers
  16 storm dragons
  Roxanne (Elf:3)
  The ghost of Wagacrug the Thaumaturge, an adept DrIE of Ashenzari (Spider:2)
  10 draconian knights
  10 draconian monks
  15 rockslimes
  The ghost of avangion the Eclecticist, an adept DECj of Vehumet (Shoals:2)
  9 azure jellies
  6 protean progenitors
  6 fire giants
  A balrug (D:15)
  5 iron dragons
  13 frost giants
  5 deep elf sorcerers (Elf:3)
  7 draconian shifters
  6 ghost moths
  11 emperor scorpions
  18 vault wardens
  7 draconian stormcallers
  A reaper (Zot:1)
  3 draconian scorchers
  2 deep elf elementalists (Elf:3)
  17 stone giants
  23 very ugly things
  A demonspawn corrupter (D:1)
  20 ironbound preservers
  3 formless jellyfish
  2 broodmothers
  7 draconian annihilators
  2 spriggan defenders (Depths:3)
  13 quicksilver oozes
  A juggernaut skeleton (Depths:3)
  6 ironbound thunderhulks
  5 orc warlords
  2 grey draconians (Depths:4)
  8 deep elf death magi
  18 green draconians
  11 dire elephants
  4 vampire knights
  3 war gargoyles
  4 minotaurs
  19 black draconians
  5 deep elf demonologists
  11 purple draconians
  19 red draconians
  13 white draconians
  6 deep elf annihilators
  11 spark wasps
  The ghost of Sundig the Fighter, a journeyman MiFi of Gozag (D:13)
  11 yellow draconians
  2 bunyips (Zot:2)
  23 ettins
  A crystal guardian (Vaults:2)
  3 entropy weavers
  17 merfolk impalers
  A blizzard demon (Depths:2)
  Snorg (Orc:1)
  An entropy weaver (shapeshifter) (Elf:1)
  16 yaktaur captains
  4 merfolk javelineers
  8 deep elf high priests
  9 fire dragons
  46 vault guards
  Erolcha (D:11)
  4 jiangshi
  8 rakshasas
  10 great orbs of eyes
  3 ogre magi
  9 ice dragons
  6 hydras
  An ice dragon (shapeshifter) (Elf:1)
  13 ironbound frosthearts
  A merfolk avatar (Shoals:3)
  2 jorogumos (Spider:4)
  2 alligator snapping turtles (Shoals:4)
  4 radroaches
  7 centaur warriors
  4 boulder beetles
  4 peacekeepers (Vaults:2)
  33 dancing weapons
  2 merfolk aquamancers
  A satyr (shapeshifter) (Depths:3)
  9 two-headed ogres
  2 anacondas (Zot:3)
  A sphinx zombie (Depths:3)
  12 death yaks
  2 spriggan air magi (Depths:3)
  8 satyrs (Shoals:4)
  14 deep troll shamans
  23 tengu warriors
  6 demonic crawlers
  An orc high priest (Orc:2)
  Urug (D:12)
  4 deep troll earth magi
  4 vampire magi
  An occultist (Depths:2)
  7 sun demons
  19 hell knights
  3 thrashing horrors (Abyss:3)
  2 soul eaters
  3 spriggan berserkers
  A skeletal warrior (D:14)
  17 deep elf knights
  Amaemon (Lair:3)
  A skyshark (shapeshifter) (Depths:3)
  5 skysharks
  6 iron trolls
  4 sixfirhies
  3 wretched stars (Abyss:3)
  11 sea snakes
  4 pharaoh ants
  A sea snake (shapeshifter) (Vaults:2)
  3 flayed ghosts
  48 deep trolls
  3 sun moths
  8 orb spiders
  6 glowing orange brains
  22 ironbound convokers
  11 deep elf archers
  6 arcanists
  4 large abominations
  3 swamp dragons (Depths:4)
  A shadow demon (D:1)
  Pikel (D:9)
  5 lindwurms
  15 deep elf zephyrmancers
  A steelbarb worm (Spider:3)
  14 orc knights
  29 harpies
  4 phantasmal warriors
  A wolf spider zombie (D:14)
  7 necromancers
  36 deep elf pyromancers
  2 stone giant zombies
  8 shining eyes
  24 manticores
  7 fauns (Shoals:4)
  3 orc sorcerers (Orc:2)
  31 ugly things
  5 oklob plants (Lair:5)
  17 wolf spiders
  14 elephants
  A salamander (shapeshifter) (Elf:1)
  7 cyclopes
  A wolf spider (shapeshifter) (Vaults:5)
  A worldbinder (Abyss:3)
  28 moths of wrath
  8 meliai
  An apocalypse crab (Abyss:3)
  13 black mambas
  3 centaur zombies (D:14)
  9 merfolk sirens
  A guardian serpent (shapeshifter) (Elf:1)
  3 water nymphs
  A frost giant skeleton (Depths:1)
  A toenail golem (Volcano)
  A kobold blastminer (Orc:2)
  A guardian serpent (Lair:5)
  2 smoke demons
  20 vault sentinels
  4 eyes of devastation
  3 molten gargoyles (Volcano)
  A stone giant skeleton (Depths:1)
  12 torpor snails
  An orange demon (Lair:3)
  2 unseen horrors (D:11)
  15 cane toads
  Maggie (D:6)
  3 efreet (Volcano)
  A hellion (Depths:4)
  2 rime drakes (shapeshifter)
  2 kobold demonologists (D:12)
  3 freezing wraiths
  5 rime drakes
  11 komodo dragons
  20 yaktaurs
  9 tengu conjurers
  A queen bee (shapeshifter) (Elf:1)
  A guardian mummy (Depths:2)
  A hellwing (Abyss:3)
  7 wind drakes
  32 merfolk
  A yaktaur skeleton (Vaults:4)
  A queen bee (Abyss:3)
  10 trolls
  17 hornets
  14 tarantellas
  A human skeleton (Vaults:4)
  A polar bear (Lair:4)
  7 tyrant leeches
  A raiju (shapeshifter) (Elf:1)
  5 glass eyes
  27 blink frogs
  A meliai zombie (D:14)
  8 dream sheep
  3 dream sheep (shapeshifter)
  A snapping turtle (shapeshifter) (D:15)
  106 slime creatures
  6 snapping turtles
  2 centaur simulacra
  Sigmund (D:3)
  A spriggan (shapeshifter) (Elf:1)
  2 wraiths
  5 spriggans
  4 water elementals
  2 air elementals (Elf:1)
  20 culicivoras
  24 jumping spiders
  An ettin skeleton (Abyss:3)
  58 yaks
  2 ynoxinuls (Abyss:3)
  5 fire elementals
  16 wyverns
  6 basilisks
  8 golden eyes
  13 starcursed masses (Abyss:3)
  2 vampires (D:14)
  A steam dragon (D:9)
  29 redbacks
  3 wargs
  6 vampire mosquitoes
  A neqoxec (Abyss:3)
  An acid dragon (D:11)
  A naga (shapeshifter) (Vaults:4)
  28 water moccasins
  A glowing shapeshifter skeleton (Depths:1)
  A black bear (Lair:2)
  Duvessa (D:7)
  4 hell hounds (D:1)
  31 orc warriors
  9 small abominations
  5 ice beasts (D:11)
  10 ogres
  3 boggarts (D:14)
  4 sky beasts (D:6)
  4 wolves
  A centaur (D:8)
  5 kobold brigands
  2 phantoms (D:6)
  2 weeping skulls (Abyss:3)
  16 bullfrogs
  5 earth elementals
  A glowing shapeshifter simulacrum (Depths:3)
  2 gnoll sergeants
  3 scorpions
  14 wights
  Dowan (D:7)
  48 killer bees
  3 electric eels (Lair:1)
  A howler monkey (D:13)
  A crimson imp (Abyss:3)
  19 orc priests
  A jelly (D:6)
  2 bombardier beetles
  4 hounds
  4 gnoll boudas
  Ijyb (D:3)
  4 iguanas
  33 orc wizards
  6 hell rats (Lair:2)
  22 gnolls
  14 adders
  A shadow imp (D:3)
  2 white imps
  8 ufetubi
  A dart slug (D:1)
  4 ribbon worms
  77 orcs
  4 ball pythons
  6 bats
  7 endoplasms
  4 giant cockroaches
  10 goblins
  7 hobgoblins
  9 jackals
  5 quokkas
  3 frilled lizards
  31 kobolds
  3 rats
  2 aspiring fleshes (Zot:5)
  7 tentacles
2500 creatures vanquished.

Vanquished Creatures (others)
  A curse toe (Zot:3)
  3 draconian knights
  A lorocyproca (Depths:4)
  A black draconian (Zot:2)
  A deep elf annihilator (Elf:3)
  A white draconian (Zot:2)
  A jiangshi (Depths:2)
  A rakshasa (D:15)
  A vault guard (Vaults:5)
  A deep elf knight (Elf:3)
  2 manticores
  A molten gargoyle (Volcano)
  A redback (Spider:2)
  An orc warrior (Orc:2)
  4 starspawn tentacles (Abyss:3)
  17 tentacles
38 creatures vanquished.

Grand Total: 2538 creatures vanquished

Notes
Turn   | Place    | Note
-------+----------+-------------------------------------------
     0 | D:1      | snackwell the Gargoyle Brigand began the quest for the Orb.
     0 | D:1      | Reached XP level 1. HP: 12/12 MP: 1/1
     2 | D:1      | Noticed a minotaur
     2 | D:1      | Noticed a spriggan
     4 | D:1      | Noticed a felid
     4 | D:1      | Noticed an elf
     8 | D:1      | Noticed a vine stalker
    10 | D:1      | Noticed a tengu
    12 | D:1      | Noticed a demigod
    12 | D:1      | Noticed a demonspawn
    14 | D:1      | Noticed an oni
    14 | D:1      | Noticed a ghoul
    16 | D:1      | Noticed a barachi
    18 | D:1      | Noticed an armataur
    18 | D:1      | Noticed a draconian
    20 | D:1      | Noticed a merfolk
    22 | D:1      | Noticed a naga
    22 | D:1      | Noticed a djinni
    24 | D:1      | Noticed a vampire
    24 | D:1      | Noticed a troll
    26 | D:1      | Noticed an octopode
    26 | D:1      | Noticed a gargoyle
    28 | D:1      | Noticed a formicid
    28 | D:1      | Noticed a human
   153 | D:1      | Reached XP level 2. HP: 11/18 MP: 2/2
   724 | D:1      | Reached XP level 3. HP: 19/22 MP: 3/3
  1007 | D:2      | Reached skill level 3 in Fighting
  1217 | D:2      | Reached XP level 4. HP: 28/28 MP: 4/4
  1398 | D:2      | Identified the +0 hand axe "Beetleslayer" {flame, rF+ rN+
                  | Int+5}
  1552 | D:3      | Reached XP level 5. HP: 32/32 MP: 5/5
  1609 | D:3      | Reached skill level 1 in Maces & Flails
  1865 | D:3      | Found a radiant altar of Vehumet.
  1915 | D:3      | Noticed Sigmund
  1932 | D:3      | Killed Sigmund
  1933 | D:3      | Reached skill level 4 in Fighting
  1933 | D:3      | Reached XP level 6. HP: 39/39 MP: 6/6
  2088 | D:3      | Noticed Ijyb
  2095 | D:3      | Killed Ijyb
  2931 | D:3      | Reached XP level 7. HP: 29/44 MP: 7/7
  3044 | D:4      | Reached skill level 5 in Fighting
  3210 | D:3      | Reached skill level 5 in Maces & Flails
  3457 | D:4      | Found a sparkling altar of Nemelex Xobeh.
  3691 | D:5      | Entered Level 5 of the Dungeon
  3711 | D:5      | Identified a scroll of acquirement
  3711 | D:5      | Acquired 514 gold pieces
  3740 | D:5      | Found a staircase to the Ecumenical Temple.
  4133 | D:5      | Found Kami's Weapon Shoppe.
  4183 | D:5      | Reached XP level 8. HP: 35/51 MP: 8/8
  4306 | D:5      | Reached skill level 6 in Fighting
  4371 | D:5      | Found an ancient bone altar of Kikubaaqudgha.
  4663 | D:6      | Found Fidyny's Armour Boutique.
  4663 | D:6      | Found an opulent altar of Gozag.
  4794 | D:6      | Reached skill level 7 in Fighting
  4988 | Temple   | Entered the Ecumenical Temple
  4999 | Temple   | Became a worshipper of Warmaster Okawaru
  5108 | D:6      | Reached XP level 9. HP: 53/57 MP: 9/9
  5134 | D:6      | Noticed Maggie
  5142 | D:6      | Killed Maggie
  5142 | D:6      | Reached * piety under Okawaru
  5378 | D:6      | Found a snail-covered altar of Cheibriados.
  5378 | D:6      | Found an ornate altar of the Wu Jian Council.
  5514 | D:6      | Reached skill level 8 in Fighting
  5629 | D:6      | Reached ** piety under Okawaru
  5638 | D:6      | Reached skill level 10 in Maces & Flails
  5765 | D:6      | Reached skill level 9 in Fighting
  5881 | D:6      | Reached XP level 10. HP: 66/66 MP: 10/10
  6368 | D:7      | Reached *** piety under Okawaru
  6526 | D:7      | Reached skill level 1 in Invocations
  6546 | D:7      | Noticed Dowan
  6547 | D:7      | Noticed Duvessa
  6569 | D:7      | Killed Duvessa
  6581 | D:7      | Killed Dowan
  6748 | D:7      | Reached skill level 1 in Shields
  7418 | D:8      | Found a blossoming altar of Fedhas.
  7524 | D:8      | Noticed a centaur warrior
  7536 | D:8      | Killed a centaur warrior
  7537 | D:8      | Reached skill level 10 in Fighting
  7696 | D:8      | Reached **** piety under Okawaru
  8026 | D:9      | Reached XP level 11. HP: 67/73 MP: 14/14
  8177 | D:9      | You fall into a shaft and drop 3 floors!
  8206 | D:12     | Noticed Urug
  8215 | D:12     | Noticed a cyclops
  8651 | D:12     | Noticed a two-headed ogre
  8713 | D:12     | Killed a cyclops
  8722 | D:12     | Killed a two-headed ogre
  8935 | D:12     | Reached skill level 5 in Invocations
  9060 | D:12     | Noticed a cyclops
  9071 | D:12     | Killed a cyclops
  9072 | D:12     | Reached skill level 5 in Shields
  9120 | D:11     | Reached ***** piety under Okawaru
  9144 | D:12     | Reached skill level 11 in Fighting
  9172 | D:11     | Noticed a two-headed ogre
  9183 | D:12     | Noticed a sixfirhy
  9294 | D:11     | Killed a two-headed ogre
  9507 | D:11     | Noticed a boulder beetle
  9508 | D:11     | Noticed a boulder beetle
  9514 | D:10     | Entered Level 10 of the Dungeon
  9537 | D:10     | Received a gift from Okawaru
  9814 | D:9      | Reached XP level 12. HP: 80/80 MP: 17/17
 10091 | D:9      | Noticed Pikel
 10109 | D:9      | Killed Pikel
 10185 | D:9      | Found a hide-covered altar of Uskayaw.
 10371 | D:10     | Found a burning altar of Makhleb.
 10371 | D:10     | Noticed a balrug
 11031 | D:10     | Reached skill level 12 in Fighting
 11077 | D:10     | Found a staircase to the Orcish Mines.
 11291 | D:10     | Killed a boulder beetle
 11414 | D:11     | Killed a boulder beetle
 11436 | D:11     | Noticed Erolcha
 11437 | D:11     | Found a staircase to the Lair.
 11468 | D:11     | Killed Erolcha
 11540 | D:11     | Noticed a two-headed ogre
 11551 | D:11     | Killed a two-headed ogre
 11583 | D:11     | Found Duapis's Vocational Training.
 11823 | D:12     | Killed Urug
 11949 | D:12     | Noticed Frances
 11964 | Arena    | Entered the Arena
 11971 | Arena    | Killed Frances
 11971 | Arena    | Received a gift from Okawaru
 12237 | Lair:1   | Entered Level 1 of the Lair of Beasts
 12383 | Lair:1   | Found the +3 hat of Pondering {ponderous, Will+ MP+10
                  | Int+5}
 12385 | Lair:1   | Found a transporter.
 12570 | Lair:1   | Reached XP level 13. HP: 84/87 MP: 19/19
 12590 | Lair:1   | Reached skill level 13 in Fighting
 12755 | Lair:1   | Found a transporter.
 13585 | Lair:2   | Reached skill level 1 in Evocations
 13920 | Lair:2   | Found a hole to the Spider Nest.
 14016 | Lair:2   | Received a gift from Okawaru
 14231 | Lair:2   | Reached skill level 10 in Invocations
 14563 | Lair:2   | Reached skill level 10 in Shields
 15249 | Lair:3   | Noticed Amaemon
 15251 | Lair:3   | Received a gift from Okawaru
 15391 | Lair:3   | Killed Amaemon
 15405 | Lair:3   | Gained mutation: Your large and strong wings let you fly.
                  | [Gargoyle growth]
 15405 | Lair:3   | Reached XP level 14. HP: 93/95 MP: 21/21
 15471 | Lair:3   | Found a transporter.
 15685 | Lair:3   | Noticed Gastronok
 15719 | Lair:3   | Killed Gastronok
 15720 | Lair:3   | Reached skill level 14 in Fighting
 15994 | Lair:3   | Found a staircase to the Shoals.
 16163 | Lair:3   | Found a transporter.
 16463 | Lair:4   | Found the +18 shield of the Gong {Loud rN+ Will+ rCorr
                  | EV-5}
 16468 | Lair:4   | Found a dark tunnel.
 16513 | Volcano  | Entered a volcano
 16584 | Volcano  | Received a gift from Okawaru
 17108 | Volcano  | Identified the +0 hat of the Pink Corner {rF++ Will+ Int-4}
 17340 | Lair:4   | Acquired the ring "Zuemus" {rF+ EV+5 Int+4}
 18241 | Lair:5   | Entered Level 5 of the Lair of Beasts
 18261 | Lair:5   | Reached skill level 5 in Evocations
 18455 | Lair:5   | Received a gift from Okawaru
 18456 | Lair:5   | Reached skill level 15 in Maces & Flails
 18687 | Lair:5   | Received a gift from Okawaru
 18791 | Lair:5   | Reached XP level 15. HP: 101/101 MP: 23/23
 19306 | Lair:5   | Reached skill level 15 in Fighting
 19306 | Lair:5   | Reached skill level 1 in Armour
 19464 | Lair:5   | Reached ****** piety under Okawaru
 19509 | Lair:5   | Acquired the +1 helmet "Ubbihynn" {Slay+3 SInv}
 19509 | Lair:5   | Received a gift from Okawaru
 19638 | Lair:5   | Received a gift from Okawaru
 19770 | Lair:5   | Acquired a +2 eveningstar of draining
 19770 | Lair:5   | Received a gift from Okawaru
 20412 | Lair:5   | Found a viscous altar of Jiyva.
 20414 | Lair:5   | Found a staircase to the Slime Pits.
 20821 | Lair:1   | Reached skill level 5 in Armour
 20821 | Lair:1   | Reached XP level 16. HP: 108/108 MP: 25/25
 21027 | Orc:1    | Entered Level 1 of the Orcish Mines
 21094 | Orc:1    | Noticed Snorg
 21105 | Orc:1    | Killed Snorg
 21223 | Orc:2    | Entered Level 2 of the Orcish Mines
 21462 | Orc:2    | Received a gift from Okawaru
 21788 | Orc:2    | Found a staircase to the Elven Halls.
 22053 | Orc:2    | Found Pilolaqe's Antique Armour Shoppe.
 22076 | Orc:2    | Found Zuotikla's Book Shoppe.
 22131 | Orc:2    | Found Oplo Mump's Antique Weapon Shoppe.
 22153 | Orc:2    | Found Deones's General Store.
 22356 | Orc:1    | Reached XP level 17. HP: 114/114 MP: 26/26
 22677 | Orc:1    | Found a shimmering blue altar of Sif Muna.
 22902 | D:13     | Found a gate to the Vaults.
 22940 | D:13     | Received a gift from Okawaru
 22977 | D:13     | Found the +10 dark maul {heavy}
 23015 | D:13     | Found a gate leading to a gauntlet.
 23019 | Gauntlet | Entered a Gauntlet
 23019 | Gauntlet | Found a transporter.
 23023 | Gauntlet | Found a transporter.
 23025 | Gauntlet | Found a transporter.
 23042 | Gauntlet | Found a transporter.
 23043 | Gauntlet | Found a transporter.
 23059 | Gauntlet | Found a transporter.
 23071 | Gauntlet | Found a transporter.
 23076 | Gauntlet | Found a transporter.
 23097 | Gauntlet | Found a transporter.
 23102 | Gauntlet | Found a transporter.
 23113 | Gauntlet | Found a transporter.
 23114 | Gauntlet | Found a transporter.
 23147 | Gauntlet | Found a transporter.
 23164 | Gauntlet | Found a transporter.
 23318 | Gauntlet | Identified the +1 pair of gloves of Lisatretos {Harm rN+
                  | Dex+4}
 23338 | Gauntlet | Found the macabre finger necklace {Finger+ rN+}
 23349 | Gauntlet | Got the Compilation of Coordinates
 23533 | D:13     | Reached skill level 16 in Fighting
 23689 | D:13     | Found a runed translucent gate.
 23689 | D:13     | Found a runed translucent gate.
 23689 | D:13     | Found a runed translucent gate.
 23691 | D:13     | Noticed Sundig's ghost (journeyman MiFi)
 23740 | D:13     | Killed Sundig's ghost
 23850 | D:14     | Received a gift from Okawaru
 23920 | D:14     | Identified the +2 leather armour "Searuy" {Str-2 Int+4
                  | Dex+4}
 24377 | D:14     | Reached skill level 10 in Armour
 24462 | D:15     | Entered Level 15 of the Dungeon
 24618 | D:15     | Received a gift from Okawaru
 25371 | D:15     | Found a staircase to the Depths.
 25606 | Spider:1 | Entered Level 1 of the Spider Nest
 25658 | Spider:1 | Received a gift from Okawaru
 25847 | Spider:1 | Reached XP level 18. HP: 117/122 MP: 27/27
 26194 | Spider:1 | Reached skill level 17 in Fighting
 26476 | Spider:2 | Received a gift from Okawaru
 26504 | Spider:2 | Found a runed translucent door.
 26883 | Spider:2 | Found a shimmering altar of Xom.
 26883 | Spider:2 | Noticed Wagacrug's ghost (adept DrIE)
 27656 | Spider:2 | Killed Wagacrug's ghost
 27665 | Spider:2 | Got the Teachings on Baneful Algor
 27710 | Spider:3 | Reached skill level 5 in Throwing
 28147 | Spider:3 | Reached skill level 15 in Shields
 28403 | Spider:3 | Received a gift from Okawaru
 28603 | Spider:4 | Entered Level 4 of the Spider Nest
 29654 | Spider:4 | Reached skill level 18 in Fighting
 30042 | Spider:4 | Got a gossamer rune of Zot
 30064 | Spider:4 | Identified the +0 pair of gloves "Xaenit" {Rampage rElec
                  | rF- rC-}
 30083 | Spider:4 | Reached XP level 19. HP: 107/130 MP: 26/28
 30368 | Shoals:1 | Entered Level 1 of the Shoals
 31291 | Shoals:2 | Found a bloodstained altar of Trog.
 31451 | Shoals:2 | Received a gift from Okawaru
 31452 | Shoals:2 | Identified the +0 tower shield of Hadjma {rPois rC++ Int-5
                  | Dex+2}
 31923 | Shoals:2 | Found a transporter.
 31927 | Shoals:2 | Found a transporter.
 31929 | Shoals:2 | Noticed avangion's ghost (adept DECj)
 32246 | Shoals:2 | Killed avangion's ghost
 32503 | Shoals:3 | Reached skill level 1 in Dodging
 32692 | Shoals:3 | Received a gift from Okawaru
 32729 | Shoals:3 | Reached skill level 19 in Fighting
 33375 | Shoals:4 | Entered Level 4 of the Shoals
 33604 | Shoals:4 | Received a gift from Okawaru
 33638 | Shoals:4 | Identified the +0 pair of gloves "Puxoic" {+Blink rElec
                  | Int+2}
 33679 | Shoals:4 | Identified the ring of Acehacum {rPois rN+++ MP+9 Str-4
                  | Int-5}
 33754 | Shoals:4 | Identified the +1 mace "Ycaosaa" {freeze, Str+4}
 33888 | Shoals:4 | Got a barnacled rune of Zot
 33926 | Shoals:4 | Reached XP level 20. HP: 124/139 MP: 29/29
 34675 | Elf:1    | Entered Level 1 of the Elven Halls
 34749 | Elf:1    | Found Idghaosoa's Antique Armour Shoppe.
 34767 | Elf:1    | Found Waubru's Assorted Antiques.
 34767 | Elf:1    | Found Cujo's Weapon Shoppe.
 34792 | Elf:1    | Found Megaud's General Store.
 34813 | Elf:1    | Got the Excursus on Clouds
 34843 | Elf:1    | Found Cabok's Book Emporium.
 34866 | Elf:1    | Paralysed by an air elemental for 1 turns
 34939 | Elf:1    | Received a gift from Okawaru
 35011 | Elf:1    | Got the Secrets of the Catalyst
 35013 | Elf:1    | Got Sif Muna's Anthology of Blinking Incineration
 35105 | Elf:1    | Reached skill level 10 in Throwing
 35138 | Elf:1    | Found Darir's General Store.
 35153 | Elf:1    | Bought 3 silver javelins for 378 gold pieces
 35504 | Elf:2    | Identified the +4 spear "Ruwegaqa" {protect, Fly MP+9
                  | Int+4}
 35538 | Elf:2    | Reached skill level 5 in Dodging
 35695 | Elf:2    | Found Gewuud's Weapon Emporium.
 36061 | Elf:2    | Found a runed translucent gate.
 36062 | Elf:2    | Found a runed translucent gate.
 36062 | Elf:2    | Found a runed translucent gate.
 36162 | Elf:2    | Received a gift from Okawaru
 36348 | Elf:2    | Reached skill level 20 in Fighting
 36836 | Elf:3    | Entered Level 3 of the Elven Halls
 36849 | Elf:3    | Received a gift from Okawaru
 37231 | Elf:3    | Noticed Roxanne
 37250 | Elf:3    | Killed Roxanne
 37368 | Elf:3    | Noticed Asterion
 37379 | Elf:3    | Killed Asterion
 37558 | Elf:3    | Reached skill level 10 in Evocations
 37621 | Elf:3    | Received a gift from Okawaru
 37625 | Elf:3    | Reached XP level 21. HP: 124/144 MP: 30/30
 38027 | Elf:3    | Identified the +6 glaive of the Glowing Saviour {freeze,
                  | rElec Will+}
 38341 | Elf:3    | Identified the +0 chain mail "Impumulo" {rN+}
 38572 | Elf:3    | Identified the +0 ring mail of Lifelessness {Int+4}
 38575 | Elf:3    | Identified the +2 spear of Neicun {drain, Int+2}
 38583 | Elf:3    | Identified the +4 trident of Eternal Vigilance {heavy,
                  | Str+3 Int+5 Dex+2}
 38593 | Elf:3    | Got the Precepts of Portals
 38609 | Elf:3    | Identified the +10 arbalest of the Imperium {penet, rElec
                  | rPois rC-}
 38616 | Elf:3    | Got the Teachings on the Curse and Causimancy
 38617 | Elf:3    | Identified the +1 battleaxe of Pasiomek {pain, Dex+6}
 38632 | Elf:3    | Got the Quarto of Impurities
 38947 | Vaults:1 | Entered Level 1 of the Vaults
 39028 | Vaults:1 | Received a gift from Okawaru
 40111 | Vaults:1 | Reached skill level 21 in Fighting
 40576 | Vaults:1 | Found a huge runed translucent gate.
 40576 | Vaults:1 | Found a huge runed translucent gate.
 40576 | Vaults:1 | Found a huge runed translucent gate.
 40576 | Vaults:1 | Found a huge runed translucent gate.
 40576 | Vaults:1 | Found a huge runed translucent gate.
 40576 | Vaults:1 | Found a huge runed translucent gate.
 40576 | Vaults:1 | Found a huge runed translucent gate.
 40576 | Vaults:1 | Found a huge runed translucent gate.
 40577 | Vaults:1 | Found a huge runed translucent gate.
 40577 | Vaults:1 | Found a huge runed translucent gate.
 40577 | Vaults:1 | Found a huge runed translucent gate.
 40577 | Vaults:1 | Found a huge runed translucent gate.
 40577 | Vaults:1 | Found a huge runed translucent gate.
 40578 | Vaults:1 | Found a huge runed translucent gate.
 40579 | Vaults:1 | Found a huge runed translucent gate.
 40580 | Vaults:1 | Found a huge runed translucent gate.
 40581 | Vaults:1 | Found a huge runed translucent gate.
 40582 | Vaults:1 | Found a huge runed translucent gate.
 40582 | Vaults:1 | Found a huge runed translucent gate.
 40587 | Vaults:1 | Found a huge runed translucent gate.
 40588 | Vaults:1 | Found a huge runed translucent gate.
 40588 | Vaults:1 | Found a huge runed translucent gate.
 40588 | Vaults:1 | Found a huge runed translucent gate.
 40588 | Vaults:1 | Found a huge runed translucent gate.
 40590 | Vaults:1 | Found a huge runed translucent gate.
 40591 | Vaults:1 | Found a huge runed translucent gate.
 40592 | Vaults:1 | Found a huge runed translucent gate.
 40592 | Vaults:1 | Found a huge runed translucent gate.
 40597 | Vaults:1 | Found a huge runed translucent gate.
 40598 | Vaults:1 | Found a huge runed translucent gate.
 40598 | Vaults:1 | Found a huge runed translucent gate.
 40598 | Vaults:1 | Found a huge runed translucent gate.
 40598 | Vaults:1 | Found a huge runed translucent gate.
 40600 | Vaults:1 | Found a huge runed translucent gate.
 40601 | Vaults:1 | Found a huge runed translucent gate.
 40602 | Vaults:1 | Found a huge runed translucent gate.
 40628 | Vaults:1 | Noticed Nikola
 40641 | Vaults:1 | Killed Nikola
 40641 | Vaults:1 | Received a gift from Okawaru
 40756 | Vaults:1 | Reached skill level 15 in Armour
 41889 | Vaults:2 | Reached XP level 22. HP: 63/155 MP: 31/31
 42463 | Vaults:2 | Received a gift from Okawaru
 42956 | Vaults:2 | Found a staircase to the Crypt.
 42956 | Vaults:2 | Found an ancient bone altar of Kikubaaqudgha.
 42957 | Vaults:2 | Found a basalt altar of Yredelemnul.
 43600 | Vaults:3 | Reached skill level 22 in Fighting
 43666 | Vaults:3 | Received a gift from Okawaru
 44356 | Vaults:3 | Got the Volume of Hexes
 44566 | Vaults:3 | Noticed Boris
 44581 | Vaults:3 | Killed Boris
 44596 | Vaults:3 | Received a gift from Okawaru
 44702 | Vaults:3 | Identified the +1 robe of Saothr Feec {rElec rN+ Str+2}
 45679 | Vaults:4 | Reached XP level 23. HP: 164/164 MP: 32/32
 45689 | Vaults:4 | Received a gift from Okawaru
 45741 | Vaults:4 | Found Guroeprioc's General Store.
 46699 | Slime:1  | Entered Level 1 of the Pits of Slime
 46805 | Slime:1  | Gained mutation: You do not regenerate when monsters are
                  | visible. [a shining eye]
 46938 | Lair:5   | Received a gift from Okawaru
 47114 | Slime:2  | Gained mutation: You occasionally lose the ability to read
                  | scrolls when taking damage. [a shining eye]
 47139 | Slime:2  | Reached skill level 23 in Fighting
 47573 | Slime:5  | Entered Level 5 of the Pits of Slime
 47649 | Slime:5  | Reached skill level 15 in Throwing
 48223 | Slime:4  | Received a gift from Okawaru
 49180 | Lair:1   | Lost mutation: You occasionally lose the ability to read
                  | scrolls when taking damage. [potion of mutation]
 49180 | Lair:1   | Lost mutation: You do not regenerate when monsters are
                  | visible. [potion of mutation]
 49180 | Lair:1   | Gained mutation: Your spells are a little easier to cast,
                  | but a little less powerful. [potion of mutation]
 49180 | Lair:1   | Gained mutation: You passively map a small area around you.
                  | [potion of mutation]
 49449 | Slime:5  | Noticed the Royal Jelly
 49472 | Slime:5  | Killed the Royal Jelly
 49692 | Slime:5  | Identified the ring "Xueduxzaike" {rN+ AC+4}
 49703 | Slime:5  | Got the Anthology of Moving Despair
 49731 | Slime:5  | Got a slimy rune of Zot
 49732 | Slime:5  | Identified the +6 war axe "Recuuvoi" {drain, Int+3}
 49745 | Slime:5  | Got the Almanac of the Brume
 49759 | Slime:5  | Got the Directory of Cooperative Virulence
 49779 | Slime:5  | Got the Compendium of Telluric Sparks
 49781 | Slime:5  | Upgraded the game from 0.31-a0-1620-gcbf77bbcfc to
                  | 0.31-a0-1626-g5cb510d322
 50215 | Depths:1 | Entered Level 1 of the Depths
 50226 | Depths:1 | Received a gift from Okawaru
 50643 | Depths:1 | Reached XP level 24. HP: 139/172 MP: 30/32
 50858 | Depths:1 | Found a one-way gateway to a ziggurat.
 50986 | Depths:1 | Identified the ring of Nudeh {rPois rF+ rC+}
 51073 | Depths:1 | Reached skill level 24 in Fighting
 51574 | Depths:1 | Found a gateway to Hell.
 52030 | Depths:2 | Received a gift from Okawaru
 52553 | Abyss:3  | Cast into level 3 of the Abyss (an occultist)
 52583 | Abyss:3  | Found a corrupted altar of Lugonu.
 52596 | Abyss:3  | Found a corrupted altar of Lugonu.
 52664 | Abyss:3  | Reached skill level 5 in Stealth
 52760 | Abyss:3  | Gained mutation: Your magical capacity is low. (-10% MP) [a
                  | neqoxec]
 53115 | Abyss:3  | Got an abyssal rune of Zot
 53120 | Abyss:3  | Received a gift from Okawaru
 53147 | Depths:2 | Escaped the Abyss
 53406 | Depths:2 | Paralysed by a vampire knight for 2 turns
 53756 | Depths:2 | Found a corrupted altar of Lugonu.
 53756 | Depths:2 | Found a one-way gate to the infinite horrors of the Abyss.
 53876 | Depths:2 | Found a one-way gate leading to the halls of Pandemonium.
 54207 | Depths:2 | Reached skill level 10 in Stealth
 54483 | Depths:2 | Identified the staff of Egagof {rN+ rCorr Necro Ice}
 54763 | Depths:2 | Reached XP level 25. HP: 146/179 MP: 29/29
 54853 | Depths:2 | Found a hide-covered altar of Uskayaw.
 55075 | Depths:2 | Found a portal to a secret trove of treasure.
 55426 | Depths:2 | You paid a toll of a +7 demon trident to enter a treasure
                  | trove
 55427 | Trove    | Entered a treasure trove
 55441 | Trove    | Identified the ring of Tempters {Ice +Blink rN+ Will+}
 55452 | Trove    | Identified the scarf of Damp Lucidity {+Inv, ^Contam rCorr
                  | Str-5 Int+8}
 55460 | Trove    | Identified the +1 plate armour of the Mantidfly {+Inv}
 56046 | Depths:3 | Received a gift from Okawaru
 56286 | Depths:3 | Identified the +7 short sword of War {freeze, Will+ Str+2}
 56403 | Depths:3 | Received a gift from Okawaru
 56410 | Depths:3 | Reached skill level 10 in Dodging
 56938 | Depths:3 | Got the Grimoire of Collective Breath
 56941 | Depths:3 | Identified the staff "Dudwur Syts" {rElec rPois MP-9 Summ
                  | Air Alchemy}
 57686 | Depths:4 | Entered Level 4 of the Depths
 58523 | Depths:4 | Received a gift from Okawaru
 58524 | Depths:4 | Reached skill level 25 in Fighting
 58560 | Depths:4 | Found a gate to the Realm of Zot.
 58788 | Depths:4 | Found Sedilo Tagu's Book Shop.
 58788 | Depths:4 | Found Citepn's Jewellery Emporium.
 58789 | Depths:4 | Found Uritym's Book Shop.
 59158 | Vaults:5 | Entered Level 5 of the Vaults
 59201 | Vaults:5 | Reached XP level 26. HP: 87/188 MP: 25/29
 59694 | Vaults:5 | Received a gift from Okawaru
 59697 | Vaults:5 | Noticed an ancient lich
 59996 | Vaults:4 | Killed an ancient lich
 61006 | Vaults:5 | Noticed Boris
 61452 | Vaults:4 | Killed Boris
 62101 | Vaults:5 | Noticed a dread lich
 62127 | Vaults:5 | Killed a dread lich
 62128 | Vaults:5 | Reached skill level 26 in Fighting
 62685 | Vaults:5 | Received a gift from Okawaru
 62922 | Vaults:5 | Identified the staff "Fiatyuh" {^Contam rF+ Str-2 Dex+7
                  | Stlth+ Fire}
 62986 | Vaults:5 | Identified the +1 flail of Gallantry {flame, rElec}
 63202 | Vaults:5 | Identified the +0 plate armour of the Forsaken Deaths
                  | {Int+3 Slay+2 SInv}
 63266 | Vaults:5 | Got a silver rune of Zot
 63724 | Zot:1    | Entered Level 1 of the Realm of Zot
 65059 | Zot:1    | Reached XP level 27. HP: 196/196 MP: 29/29
 65082 | Zot:1    | Received a gift from Okawaru
 66946 | Zot:2    | Received a gift from Okawaru
 67658 | Zot:2    | Noticed an orb of fire
 68611 | Zot:3    | Received a gift from Okawaru
 70708 | Zot:4    | Reached skill level 27 in Fighting
 70999 | Zot:4    | Reached skill level 15 in Invocations
 71700 | Zot:5    | Entered Level 5 of the Realm of Zot
 72159 | Zot:5    | Found Erphugoh's Changing Room.
 72175 | Zot:5    | Received a gift from Okawaru
 72254 | Zot:5    | Noticed an orb of fire
 72262 | Zot:5    | Killed an orb of fire
 73172 | Zot:5    | Noticed an orb of fire
 73176 | Zot:5    | Killed an orb of fire
 73182 | Zot:5    | Noticed an orb of fire
 73184 | Zot:5    | Gained mutation: Your body sometimes deteriorates upon
                  | taking damage. [an orb of fire]
 73186 | Zot:5    | Killed an orb of fire
 73199 | Zot:5    | Noticed an orb of fire
 73201 | Zot:5    | Received a gift from Okawaru
 73207 | Zot:5    | Killed an orb of fire
 73435 | Zot:5    | Noticed an ancient lich
 73441 | Zot:5    | Killed an ancient lich
 73698 | Zot:5    | Noticed an ancient lich
 73716 | Zot:5    | Noticed an orb of fire
 73717 | Zot:5    | Noticed an orb of fire
 73753 | Zot:5    | Killed an ancient lich
 73768 | Zot:5    | Killed an orb of fire
 73894 | Zot:5    | Gained mutation: Your health recovers twice as slowly from
                  | being drained. [an orb of fire]
 73895 | Zot:5    | Killed an orb of fire
 73895 | Zot:5    | Received a gift from Okawaru
 74491 | Zot:5    | Got the Orb of Zot
 74751 | Depths:1 | Noticed Uzxukatu the pandemonium lord
 75113 | D:$      | Escaped with the Orb!

Illustrated notes

Levels and vault maps discovered:
D:1:      kb_arrival_jail, layout_loops_ring
D:2:      layout_rooms
D:3:      minmay_general_purpose_star, layout_basic, vehumet_crystals,
          uniq_sigmund, uniq_ijyb
D:4:      layout_rooms, mainiacjoe_overflow_cross_hatched
D:5:      layout_basic, mainiacjoe_overflow_tiny_flanked,
          minmay_temple_entry_junction_2, serial_shops,
          nicolae_shop_statue_plus, corexii_checkpoint
D:6:      minmay_razor_zed, layout_cave_pools, nicolae_gozag_seed_capital,
          nicolae_overflow_two_pavilions, serial_shops, shop,
          serial_bayou_pond_a, uniq_maggie
D:7:      layout_gridville, uniq_duvessa
D:8:      layout_basic, mainiacjoe_overflow_boulevard
D:9:      layout_loops_cross, nicolae_uskayaw_suspiria, uniq_pikel
D:10:     layout_layer_cave, makhleb_altar_promises_db, david_orc_4
D:11:     layout_rooms, hellmonk_lair_entry_icy, nicolae_shop_vocational,
          uniq_erolcha
D:12:     layout_basic, serial_corexii_hall, corexii_hall_statues_x,
          corexii_hall_statues_t, uniq_frances, uniq_urug
D:13:     layout_rooms, lightli_vaults_fourway_checkpoint,
          gauntlet_entry_generic, maelrawn_ghost_gauntlet_escape,
          hangedman_decor_diamond_cutter
D:14:     layout_rooms, serial_undead, serial_undead_f, serial_undead_f,
          serial_undead_b, serial_undead_d
D:15:     gammafunk_enter_depths_forms, layout_cave_pods,
          palyth_stone_intersect, serial_park_tiny_2
Temple:   nicolae_temple_god_jail
Lair:1:   gammafunk_cloud_chamber, layout_small_grid,
          nicolae_lair_grove_arrangements, serial_bayou_shore_a,
          grunt_megastairs_2, infiniplex_staircase_pool, lemuel_fruit_tree
Lair:2:   layout_cave_pods, hellmonk_spider_entry_life_and_decay,
          pdpol_lair_neglected_garden, dreamdust_gnoll_shepherd,
          grunt_megastairs_1
Lair:3:   gammafunk_worm_tunnel, layout_loops_ring, elwin_shoals_entry_stream,
          beast_lair_carwin_10, uniq_gastronok, uniq_amaemon
Lair:4:   wad_woods_minihive, layout_hall_layers,
          nicolae_volcano_entry_lava_flow
Lair:5:   hangedman_lair_tendril_chambers, layout_regular_city, wormcave,
          minmay_slime_entry_oklob_enclosed, minmay_shattered_shrine
Shoals:1: layout_shoals
Shoals:2: layout_shoals, gammafunk_ghost_wrathful_warriors,
          nicolae_shoals_mertower
Shoals:3: layout_shoals, nicolae_shoals_pincushion_passage
Shoals:4: shoals_end_hellmonk_lost_city
Spider:1: layout_spider_delve
Spider:2: layout_chambers, ebering_ghost_xom
Spider:3: layout_spider_delve
Spider:4: guppyfry_spider_rune, hangedman_spider_tarantella_strand
Slime:1:  layout_caves, cheibrodos_slime_lost_civilization_6
Slime:2:  layout_caves
Slime:3:  layout_caves
Slime:4:  layout_caves, cheibrodos_slime_lost_civilization_7
Slime:5:  slime_pit_nicolae_royal_road_to_ruin
Orc:1:    layout_diamond_mine, kennysheep_orc_sif_temple, uniq_snorg
Orc:2:    grunt_orc_cross, layout_caves, basic_altar
Elf:1:    eino_elf_arrival_the_gate, layout_rooms, serial_shops, shop, shop,
          nicolae_elf_shapeshifter_party, minmay_shoptagon
Elf:2:    nicolae_elf_blades_crystal_corner, layout_rooms, serial_shops, shop
Elf:3:    minmay_elf_hall_statues, layout_geoelf_grid, uniq_asterion,
          uniq_roxanne
Vaults:1: gammafunk_ghost_door_vault, vaults_room_pools,
          vaults_standard_mumra_x, nicolae_vaults_big_ls,
          ontoclasm_vaults_hangar, v_misc_27, nicolae_vaults_circle_grid_b,
          ontoclasm_vaults_chip, v_misc_4, ontoclasm_vaults_decontamination,
          hangedman_vaults_stagger, layout_vaults_omnigrid, serial_glass,
          uniq_nikola
Vaults:2: nicolae_vaults_closet_pinwheel_1, minmay_crypt_entry_necro_gods,
          ontoclasm_vaults_claustrophobia, nicolae_vaults_turnstiles,
          ontoclasm_vaults_fault, v_misc_23, st_star, hangedman_vaults_impose,
          v_alt_pattern_2, vaults_dpeg_emergency_exit,
          nicolae_vaults_storage_closets_2, nicolae_vaults_house_3,
          vaults_room_grunt_arrival_checkpoint, layout_vaults_omnicross
Vaults:3: nicolae_vaults_tetromino_T_2, v_misc_10, v_misc_16, v_misc_4,
          nicolae_vaults_little_squares_1, vaults_dpeg_diagonal,
          nicolae_vaults_what_the_h, nicolae_vaults_mini_display_case,
          nicolae_vaults_tetromino_Z_1, nicolae_vaults_trapezoid_1,
          nicolae_vaults_closet_pinwheel_1, nicolae_vaults_trapezoid_4,
          nicolae_vaults_border_crossing,
          nicolae_vaults_antechamber_and_loot_room, nicolae_vaults_house_1,
          layout_vaults_chaotic_city, serial_glass, uniq_boris, uniq_margery
Vaults:4: hangedman_vaults_stretched_pinwheel, nicolae_vaults_shrinking_rooms_2,
          vaults_mumra_minichess, vaults_room_grid, nicolae_vaults_trapezoid_1,
          v_misc_24, nicolae_vaults_trapezoid_lopsided_3, v_misc_8,
          grunt_vaults_funnel, hangedman_vaults_locks,
          nicolae_vaults_angled_halls, nicolae_vaults_stepped_doors,
          layout_vaults_ring, serial_shops, nicolae_lakefront_shop
Vaults:5: serial_shops
Depths:1: layout_twisted_cross, enter_ziggurat_a, hex_tiny,
          grunt_hell_entry_dis_mu, water_boxes_lemuel
Depths:2: minmay_expanding_squares, layout_cave_shapes, abyss_entry_flame_altar,
          nicolae_trove_entry_path_of_doom, rand_demon_pan_entry_7, hell_entry,
          nrook_mini_backslash, roadster_trireme, grunt_megastairs_4,
          infiniplex_staircase_squiggle
Depths:3: minmay_the_grid_octo_tiled_octocenter_mashed
          [minmay_the_grid_octo_thin_diamonds, minmay_the_grid_octo_odd_swirl,
          minmay_the_grid_octo_focus, minmay_the_grid_octo_77,
          minmay_the_grid_octo_prize_ultimate_mussel_roller,
          minmay_the_grid_square_5x5_shuriken,
          minmay_the_grid_square_5x5_inner_v,
          minmay_the_grid_square_5x5_sharp_hourglass,
          minmay_the_grid_square_5x5_mess], layout_cross, minmay_hedge_maze,
          hangedman_abyss_entry_splay, grunt_metal_band, serial_rivers,
          chequers_serial_rivers_large_b, chequers_serial_rivers_small_3,
          chequers_serial_rivers_marsh, chequers_serial_rivers_micro_c,
          chequers_serial_rivers_room_a, serial_bayou_shore_b
Depths:4: evilmike_zot_entry_gauntlet, layout_gridville, hell_entry,
          roderic_lattice_octagonal_star, grunt_pan_entry_zigzag,
          infiniplex_staircase_pool_lava, minmay_shop_grove
Zot:1:    layout_gridlike
Zot:2:    layout_onion_interference, nrook_zot_tub
Zot:3:    layout_cathedral_of_symmetry, regret_index_zotdec_bone_old
Zot:4:    layout_cathedral_of_symmetry
Zot:5:    layout_cellular_growth, nicolae_transmutations_shop

Skill      XL: |  1  2  3  4  5  6  7  8  9 10 11 12 13 14 15 16 17 18 19 20 21 22 23 24 25 26 27 |
---------------+----------------------------------------------------------------------------------+-----
Short Blades   | 2 3 |  3.6
Fighting       | 3 4 5 7 9 10 11 12 13 14 15 16 18 19 20 21 22 23 24 25 26 27 | 27.0
Maces & Flails | 3 4 5 8 10 11 12 13 14 15 16 | 16.0
Invocations    | 4 6 8 10 11 12 13 15 | 15.3
Shields        | 3 6 8 10 11 12 14 15 16 18 19 | 19.0
Evocations     | 3 5 6 7 8 10 | 10.6
Armour         | 5 7 11 13 14 15 17 18 19 20 21 23 | 23.0
Throwing       | 3 7 9 11 12 14 15 16 21 | 21.4
Dodging        | 3 6 7 9 10 | 10.1
Stealth        | 11 12 | 12.0

Action                     |  1- 3 |  4- 6 |  7- 9 | 10-12 | 13-15 | 16-18 | 19-21 | 22-24 | 25-27 || total
---------------------------+-------+-------+-------+-------+-------+-------+-------+-------+-------++-------
  Melee: Dagger            |   127 |    91 |       |       |       |       |       |       |       ||   218
         Punch             |     1 |     3 |     4 |     2 |       |       |       |       |       ||    10
         Morningstar       |       |    54 |   263 |   699 |  1176 |       |       |       |       ||  2192
         Eveningstar       |       |       |       |       |   157 |  1405 |  1695 |  2071 |  2378 ||  7706
  Throw: Dart              |       |     9 |    23 |    44 |    13 |    19 |       |       |       ||   108
         Javelin           |       |       |       |       |     1 |       |    17 |    19 |   168 ||   205
         Boomerang         |       |       |       |       |       |   214 |   144 |   137 |   467 ||   962
 Invoke: Heroism           |       |       |       |     8 |    14 |    11 |    12 |    12 |    13 ||    70
         Finesse           |       |       |       |     2 |     1 |     1 |     1 |     4 |     4 ||    13
         Duel              |       |       |       |     1 |       |       |       |       |       ||     1
         Receive Weapon    |       |       |       |       |     1 |       |       |       |       ||     1
         Receive Armour    |       |       |       |       |     1 |       |       |       |       ||     1
Ability: Evoke Blink       |       |       |       |       |       |       |       |       |     7 ||     7
  Evoke: Wand              |       |     1 |     2 |     5 |       |     3 |     4 |     6 |    25 ||    46
         Lightning rod     |       |       |       |     4 |     2 |       |     5 |     4 |       ||    15
         Phial of floods   |       |       |       |       |       |       |     1 |     1 |       ||     2
         Condenser vane    |       |       |       |       |       |       |       |     1 |     3 ||     4
    Use: Scroll            |       |       |    16 |    12 |    16 |     3 |     6 |     4 |    16 ||    73
         Potion            |       |       |       |       |     2 |     5 |     2 |    10 |    15 ||    34
   Stab: Sleeping          |     5 |     6 |     3 |     6 |     6 |     8 |     3 |     1 |       ||    38
         Paralysed         |       |     1 |     2 |       |       |       |       |       |     1 ||     4
         Distracted        |       |       |     1 |       |     1 |     2 |     2 |     1 |     1 ||     8
 Armour: Robe              |    29 |       |       |       |       |       |       |       |       ||    29
         Leather armour    |    40 |    83 |       |       |       |       |       |       |       ||   123
         Scale mail        |       |    12 |   172 |       |       |       |       |       |       ||   184
         Steam dragon scal |       |       |    27 |   172 |       |       |       |       |       ||   199
         Troll leather arm |       |       |       |   147 |       |   609 |   414 |       |       ||  1170
         Acid dragon scale |       |       |       |    24 |   447 |     8 |       |       |       ||   479
         Plate armour      |       |       |       |       |       |       |   474 |   661 |       ||  1135
         Skin              |       |       |       |       |       |       |       |    14 |       ||    14
         Fire dragon scale |       |       |       |       |       |       |       |   328 |   131 ||   459
         Gold dragon scale |       |       |       |       |       |       |       |       |  1809 ||  1809
  Dodge: Dodged            |    70 |    96 |   133 |   195 |   393 |   493 |   740 |   880 |   863 ||  3863
  Block: Other             |     6 |    33 |    61 |     9 |       |       |       |       |       ||   109
         Reflection        |       |     2 |     1 |    15 |     2 |    24 |    97 |    39 |    41 ||   221
         Kite shield       |       |       |       |   482 |  1118 |  1452 |  1569 |  1799 |  2226 ||  8646

Table legend: (Time is in decaauts)
 A = Elapsed time spent in this place.
 B = Non-inter-level travel time spent in this place.
 C = Inter-level travel time spent in this place.
 D = Time resting spent in this place.
 E = Time spent auto-exploring this place.
 F = Levels seen in this place.
 G = Mean time per level.
                   A        B        C        D        E       F      G
               +--------+--------+--------+--------+--------+-----+--------+
         Total |  73061 |  67425 |   5636 |  12460 |  34952 |  58 | 1259.7 |
       Dungeon |  16578 |  14748 |   1830 |   1939 |   8366 |  15 | 1105.2 |
        Temple |     20 |     12 |      8 |      0 |      0 |   1 |   20.0 |
          Lair |   8678 |   7493 |   1185 |    469 |   4547 |   5 | 1735.6 |
        Shoals |   3930 |   3782 |    148 |    278 |   2134 |   4 |  982.5 |
   Spider Nest |   4414 |   4256 |    158 |    109 |   3047 |   4 | 1103.5 |
    Slime Pits |   2844 |   2638 |    206 |   1145 |    319 |   5 |  568.8 |
  Orcish Mines |   1731 |   1536 |    195 |    131 |    882 |   2 |  865.5 |
   Elven Halls |   4011 |   3815 |    196 |    320 |   2338 |   3 | 1337.0 |
        Vaults |  10938 |  10219 |    719 |   2735 |   4977 |   5 | 2187.6 |
        Depths |   7949 |   7423 |    526 |   1776 |   3796 |   4 | 1987.2 |
           Zot |  10173 |   9713 |    460 |   2939 |   4454 |   5 | 2034.6 |
         Abyss |    558 |    558 |      0 |    126 |      0 |   1 |  558.0 |
         Trove |     57 |     57 |      0 |      0 |      0 |   1 |   57.0 |
       Volcano |    776 |    776 |      0 |    476 |     59 |   1 |  776.0 |
      Gauntlet |    373 |    373 |      0 |      0 |     30 |   1 |  373.0 |
         Arena |     24 |     24 |      0 |     14 |      0 |   1 |   24.0 |
               +--------+--------+--------+--------+--------+-----+--------+

Top non-repeatable levels by time:
Vaults:4: 3495 daAuts
  Lair:5: 2527 daAuts
Depths:2: 2367 daAuts
   Zot:5: 2147 daAuts
   Zot:1: 2121 daAuts
   Zot:2: 2071 daAuts
Vaults:2: 2069 daAuts
Depths:1: 2036 daAuts
   Zot:3: 2035 daAuts
Depths:3: 1976 daAuts
Vaults:3: 1920 daAuts
  Lair:1: 1894 daAuts
   Elf:3: 1831 daAuts
   Zot:4: 1797 daAuts
Vaults:1: 1789 daAuts
